Map: Rovine di Seras

Players

Zeus

  • Race: Zerg Zerg
  • League: Silver

Jhyrachy - Winner!

  • Race: Zerg Zerg
  • League: Silver

VOD

Have the link to the VOD?

Description

Time

  • Played on: Dec. 7, 2015, 8:36 a.m.
  • Length: 13:07
Show
View Real Time Build Order
Export as new Build Order

Zeus Zerg 

Build Orders: Pool First 

Get SALT Encoding   

  12  0:03  Drone  
  13  0:08  Drone  
  13  0:13  Extractor  
  13  0:16  Extractor  
  13  0:19  Drone  
  13  0:24  Drone  
  14  0:33  Overlord  
  14  0:52  Drone  
  14  0:56  Spawning Pool  
  14  1:00  Drone  
  14  1:04  Drone  
  16  1:09  Drone  
  17  1:19  Drone  
  18  1:29  Drone  
  19  1:45  Queen  
  21  1:47  Zergling x2  
  22  1:56  Overlord  
  22  2:18  Drone x2  
  22  2:22  Lair  
  24  2:44  Drone  
  25  2:45  Drone  
  26  3:02  Overlord  
  26  3:03  Overlord  
  26  3:06  Overlord  
  26  3:20  Queen  
  26  3:23  Hatchery  
  26  3:25  Spire  
  26  3:42  Zergling x8  
  29  4:28  Drone  
  30  4:39  Drone  
  31  4:46  Mutalisk  
  31  4:47  Mutalisk x6  
  45  5:04  Extractor, Drone  
  45  5:05  Overlord  
  45  5:26  Burrow  
  45  5:31  Spine Crawler  
  45  5:33  Zergling x8  
  45  5:34  Zergling x4  
  39  6:16  Drone  
  39  6:17  Drone x4  
  39  6:18  Overlord x2  
  44  6:32  Infestation Pit  
  43  6:44  Metabolic Boost  
  43  6:52  Extractor  
  42  7:05  Zergling x2  
  42  7:06  Zergling x12  
  42  7:07  Zergling x2  
  50  7:16  Drone x2  
  50  7:17  Drone, Overlord  
  40  7:36  Mutalisk x3  
  35  7:37  Mutalisk  
  35  7:39  Drone  
  35  7:43  Drone x14  
  38  7:47  Mutalisk x2  
  38  7:48  Mutalisk x2  
  44  8:13  Queen  
  44  9:17  Mutalisk x2  
  44  9:18  Mutalisk x2  
  43  9:36  Queen  
  39  9:43  Queen  
  40  9:56  Drone x6  
  40  10:01  Drone x4  
  40  10:02  Drone  
  43  11:02  Zergling x2  
  43  11:03  Zergling x2  
  51  11:19  Drone x3  
  51  11:47  Zergling x6  
  32  12:18  Zergling x6  
  32  12:21  Zergling x6  
Show
View Real Time Build Order
Export as new Build Order

Jhyrachy Zerg - Winner!

Build Orders: Pool First 

Get SALT Encoding   

  12  0:02  Drone  
  13  0:12  Overlord  
  13  0:17  Drone  
  14  0:31  Drone x2  
  16  0:42  Extractor  
  16  0:43  Drone  
  16  0:50  Spawning Pool  
  15  0:58  Drone  
  15  1:00  Drone  
  17  1:25  Drone  
  17  1:26  Hatchery  
  17  1:39  Drone, Overlord  
  18  1:50  Queen  
  20  1:57  Metabolic Boost  
  20  2:18  Drone x3  
  23  2:31  Zergling x2  
  24  2:38  Queen  
  24  2:40  Queen  
  24  2:42  Drone x2  
  30  3:04  Roach Warren  
  29  3:09  Drone x2  
  29  3:10  Drone x2  
  33  3:45  Evolution Chamber  
  33  3:48  Queen x2  
  36  3:55  Overlord  
  36  3:56  Overlord x2  
  35  4:18  Zergling x2  
  35  4:19  Zergling x16  
  44  4:32  Spore Crawler  
  44  4:35  Spore Crawler  
  44  4:36  Drone  
  44  4:37  Drone x3  
  46  4:46  Spore Crawler  
  46  4:49  Queen  
  46  4:50  Drone x4  
  51  4:57  Spore Crawler  
  50  5:00  Spore Crawler  
  50  5:04  Spore Crawler  
  48  5:13  Queen  
  50  5:15  Overlord  
  50  5:16  Overlord x2  
  50  5:23  Drone x3  
  51  6:13  Queen  
  53  6:26  Lair  
  53  6:35  Zergling x10  
  53  6:36  Zergling x16  
  66  6:47  Zerg Missile Weapons Level 1  
  66  6:49  Queen  
  68  7:06  Hatchery  
  65  7:25  Burrow  
  60  8:30  Extractor, Drone x3  
  62  8:46  Glial Reconstitution  
  62  8:50  Queen, Pneumatized Carapace  
  45  10:05  Tunneling Claws  
  45  10:06  Zerg Missile Weapons Level 2, Hydralisk Den  
  37  10:52  Hydralisk  
  37  10:53  Hydralisk x16  
  37  10:54  Hydralisk  
  73  11:18  Drone x4  
  75  11:19  Drone x4  
  81  11:27  Muscular Augments  
  81  11:39  Spore Crawler  
  76  11:40  Spore Crawler  
  76  11:41  Spore Crawler  
  76  11:42  Spore Crawler  
  67  12:00  Spore Crawler  
  66  12:02  Spore Crawler x2  
  66  12:03  Spore Crawler  
  51  12:31  Zergling x2  
  51  12:32  Zergling x28  
Tags
 
Add a new tag
Caveats
  • Supply blocks, unpowered buildings, or Contaminate may cause inaccurate times.
  • Supply counts are checked every 10 seconds.